 Dungeon Crawl Stone Soup version 0.32-a0-599-gba8f9cf90e (webtiles) character file.

Game seed: 3636867678506060500

382 runemasterragnar the Ruffian (level 6, -1/51 HPs)
             Began as a Draconian Shapeshifter on Mar 2, 2024.
             Was an Initiate of Gozag.
             Succumbed to a water moccasin's poison
             ... on level 4 of the Dungeon.
             The game lasted 00:02:35 (2569 turns).

runemasterragnar the Ruffian (DrSh)                 Turns: 2569, Time: 00:02:35

Health: -1/51      AC:  6    Str: 19    XL:     6   Next: 47%
Magic:  6/6        EV: 12    Int: 10    God:    Gozag
Gold:   147        SH:  0    Dex: 10    Spells: 5/5 levels left

rFire   . .          .
                       - Unarmed
rCold   . . .        (no shield)
rNeg    . . .        (body armour unavailable)
rPois   .            (helmet currently unavailable)
rElec   .            (cloak currently unavailable)
rCorr   .            (gloves currently unavailable)
SInv    .            (boots currently unavailable)
Will    .....        (no amulet)
Stlth   +            (no ring)
HPRegen 0.28/turn    (no ring)
MPRegen 0.10/turn

%: no passive effects
@: lethally poisoned (-1 -> -34), beast-form, attractive
A: beast (slay +2), AC +6, unfitting armour, cold-blooded
a: Begin Untransformation, Renounce Religion, Potion Petition, Call Merchant,
Bribe Branch


You were on level 4 of the Dungeon.
You worshipped Gozag.
Gozag was aware of your devotion.
You were a hulking beast.
You visited 1 branch of the dungeon, and saw 4 of its levels.

You collected 209 gold pieces.
You paid 62 gold pieces to Gozag.

Inventory:

Hand Weapons
 g - a +0 long sword
 l - the +6 dagger "Qeggaf" {holy, rC+}
   (You found it on level 2 of the Dungeon)

   rC+:       It protects you from cold.
Talismans
 b - a beast talisman (active)
 c - a flux talisman
Wands
 i - a wand of quicksilver (4)
Scrolls
 d - 3 scrolls of poison {unknown}
 e - 5 scrolls of identify {unknown}
 j - a scroll of silence {unknown}
 k - 2 scrolls of teleportation {unknown}
 n - 2 scrolls of amnesia {unknown}
 p - a scroll of butterflies {unknown}
 q - a scroll of noise {unknown}
Potions
 a - a potion of lignification
 f - a potion of attraction
 h - a potion of heal wounds {unknown}
 m - a potion of haste {unknown}
 o - 2 potions of brilliance {unknown}


   Skills:
 + Level 3.0 Fighting
 + Level 2.9 Dodging
 * Level 4.9 Unarmed Combat
 * Level 4.6 Shapeshifting


You had 5 spell levels left.
You didn't know any spells.
Your spell library contained the following spells:

 Spells                   Type           Power      Damage    Failure   Level
 Ozocubu's Armour         Ice            0%         N/A       75%         3
 Metabolic Englaciation   Hex/Ice        0%         N/A       100%        5
 Sculpt Simulacrum        Ice/Alch       0%         N/A       100%        6


Dungeon Overview and Level Annotations

Branches:
Dungeon (4/15)
 Temple: D:4-7

Altars:
Fedhas
Gozag
Hepliaklqana

Shops:
D:4 *(


Innate Abilities, Weirdness & Mutations

You are a hulking beast.
Your limbs bulge with bestial killing power. (Slay +2)
Your plain brown scales are hard. (AC +6)
You cannot fit into any form of body armour.
You are cold-blooded and may be slowed by cold attacks.


Message History

Your tail-slap misses the water moccasin.
Your punch misses the water moccasin.
The water moccasin is heavily wounded.
The water moccasin bites you!
Unknown command.
You hit the water moccasin.
The water moccasin is heavily wounded.
The water moccasin bites you but does no damage.
You hit the water moccasin.
The water moccasin is severely wounded.
The water moccasin closely misses you. The water moccasin bites you.
You closely miss the water moccasin.
The water moccasin is severely wounded.
The water moccasin closely misses you.
You hit the water moccasin.
The water moccasin is almost dead.
The water moccasin bites you.
You barely miss the water moccasin.
The water moccasin is almost dead.
The water moccasin closely misses you. The water moccasin bites you.
You are poisoned.
The water moccasin poisons you!
You hit the water moccasin.
The water moccasin is almost dead.
You feel sick. The water moccasin bites you!
You are lethally poisoned!
The water moccasin poisons you!
Unknown command.
You closely miss the water moccasin.
The water moccasin is almost dead.
* * * LOW HITPOINT WARNING * * *
You feel very sick. The water moccasin bites you!
* * * LOW HITPOINT WARNING * * *
You are more poisoned.
The water moccasin poisons you!
It was a potion of attraction.
You feel attractive to monsters.
You die...
Your body crumbles into a pile of gold.

##...##
#.##..#...
.#######..###
#.##..#+##
.........##
#..#..#...
....#...## ##
##.+##+##' #
##..# #.##
#.....#
##.###...##
#.....#
#..#.....#
###+##'
#........##
#......
##.h......#
#.PPP.#
#...S.....#
#P.P.P#
#..........#
#PP_.P#
#..........#


#PPPP.# #...........# #..P..# ............## ##.....# .............# #......#
.....∩.......# ##......# #........ You could see a water moccasin.

Vanquished Creatures
  Sigmund (D:2)
  An ogre (D:4)
  A hound (D:4)
  4 adders
  8 dart slugs
  A ribbon worm (D:3)
  4 endoplasms
  A giant cockroach (D:4)
  7 goblins
  8 hobgoblins
  10 jackals
  3 kobolds
  A quokka (D:1)
  3 ball pythons
  A frilled lizard (D:2)
  2 rats (D:1)
56 creatures vanquished.

Notes
Turn   | Place    | Note
-------+----------+-------------------------------------------
     0 | D:1      | runemasterragnar the Draconian Shapeshifter began the quest
                  | for the Orb.
     0 | D:1      | Reached XP level 1. HP: 16/16 MP: 1/1
   112 | D:1      | Reached XP level 2. HP: 23/23 MP: 2/2
   198 | D:1      | You fall into a shaft and drop 1 floor!
   477 | D:2      | Reached XP level 3. HP: 26/28 MP: 3/3
   507 | D:2      | Noticed Sigmund
   512 | D:2      | Killed Sigmund
   513 | D:2      | Reached XP level 4. HP: 37/37 MP: 4/4
   513 | D:2      | Reached XP level 5. HP: 42/42 MP: 5/5
   728 | D:2      | Identified the +6 dagger "Qeggaf" {holy, rC+}
  2339 | D:4      | Found an opulent altar of Gozag.
  2339 | D:4      | Found Bigauzid's Antique Weapon Boutique.
  2376 | D:4      | Became a worshipper of Gozag Ym Sagoz the Greedy
  2396 | D:4      | Noticed an ogre
  2398 | D:4      | Killed an ogre
  2399 | D:4      | Reached XP level 6. HP: 50/50 MP: 6/6
  2482 | D:4      | Found a blossoming altar of Fedhas.
  2502 | D:4      | Found a hazy altar of Hepliaklqana.
  2557 | D:4      | Noticed a water moccasin
  2559 | D:4      | Found Cikosh's Assorted Antiques.
  2569 | D:4      | Succumbed to a water moccasin's poison

Illustrated notes

Levels and vault maps discovered:
D:1:      dpeg_arrival_tiny_d, layout_rooms
D:2:      layout_basic, uniq_sigmund
D:3:      kennysheep_slugbush, layout_basic
D:4:      layout_cave_pods, mainiacjoe_overflow_24_doors, fedhas_altar_3,
          nicolae_gozag_seed_capital, serial_shops,
          nicolae_shop_back_alley_shop, nicolae_shop_waterfront, shop, shop,
          kennysheep_generic_room_9

Skill      XL: |  1  2  3  4  5  6 |
---------------+-------------------+-----
Dodging        | 2 |  2.9
Fighting       | 2 3 |  3.0
Unarmed Combat | 4 |  4.9
Shapeshifting  | 4 |  4.6

Action                     |  1- 3 |  4- 6 || total
---------------------------+-------+-------++-------
  Melee: Unarmed           |    50 |    97 ||   147
         Tailslap          |     3 |    10 ||    13
         Punch             |       |     4 ||     4
  Evoke: Wand              |       |     2 ||     2
    Use: Potion            |     1 |     1 ||     2
 Armour: Skin              |    20 |    45 ||    65
  Dodge: Dodged            |    28 |    58 ||    86

Table legend: (Time is in decaauts)
 A = Elapsed time spent in this place.
 B = Non-inter-level travel time spent in this place.
 C = Inter-level travel time spent in this place.
 D = Time resting spent in this place.
 E = Time spent auto-exploring this place.
 F = Levels seen in this place.
 G = Mean time per level.
                   A        B        C        D        E       F      G
               +--------+--------+--------+--------+--------+-----+--------+
         Total |   2559 |   2435 |    124 |    139 |   1840 |   4 |  639.8 |
       Dungeon |   2559 |   2435 |    124 |    139 |   1840 |   4 |  639.8 |
               +--------+--------+--------+--------+--------+-----+--------+

Top non-repeatable levels by time:
     D:2: 1249 daAuts
     D:3: 735 daAuts
     D:1: 346 daAuts
     D:4: 228 daAuts
